 Dungeon Sprint DCSS version 0.31.0-9-g3a7656b989 (webtiles) character file.

Game seed: 3580022468135534760

483854 Groucho the Ninja (level 20, -7/137 HPs)
             Began as a Felid Shapeshifter on Jan 26, 2024.
             Was a Follower of Uskayaw.
             Killed from afar by Luvi the pandemonium lord (37 damage)
             ... with an arc of chain lightning
             ... in the Dungeon (Sprint IX: "|||||||||||||||||||||||||||||").
             The game lasted 00:55:52 (23052 turns).

Groucho the Ninja (Felid Shapeshifter)             Turns: 23052, Time: 00:55:53

Health: -7/137     AC:  7    Str: 14    XL:     20   Next: 68%
Magic:  52/52      EV: 59    Int: 15    God:    Uskayaw [*.....]
Gold:   191        SH:  0    Dex: 30    Spells: 68/73 levels left
                                        Lives:  0   Deaths: 5

rFire   + +          +
                       - Unarmed
rCold   + . .        (shield unavailable)
rNeg    + . .        (body armour unavailable)
rPois   .            (helmet unavailable)
rElec   .            (cloak unavailable)
rCorr   .            (gloves unavailable)
SInv    +            (boots unavailable)
Will    +++++        K - amulet "Sigymean" {rF+ Regen+ Dex+3}
Stlth   ++           t - ring of Curiosity {Will+ AC+4 Dex+2}
HPRegen 1.22/turn    n - ring of Luppuvosm {rF+ rN+ Dex+5}
MPRegen 0.33/turn

%: no teleportation
@: flux-form, glowing
A: glow, contaminating, very small, claws 1, fangs 3, see invisible, shaggy fur
3, stealthy paws, no weapons or thrown items, no armour, multi-lived, antennae
1, fire resistance 1, strong-willed 1, inability to drink after injury 2
0: Orb of Zot
}: 9/17 runes: decaying, serpentine, barnacled, slimy, elven, silver, golden,
abyssal, gossamer
a: Begin Untransformation, Renounce Religion, Stomp


You were in the Dungeon.
You worshipped Uskayaw.
Uskayaw was exalted by your worship.
You were something dangerously unstable.
You visited 1 branch You collected 1984 gold pieces.
You spent 1793 gold pieces at shops.

Inventory:

Jewellery
 e - the ring "Ythraf" {AC+3 Str+3 Dex+3}
   (You found it in the Dungeon)

   [ring of protection]

   AC+3:      It affects your AC (+3).
   Str+3:     It affects your strength (+3).
   Dex+3:     It affects your dexterity (+3).
 n - the ring of Luppuvosm (right paw) {rF+ rN+ Dex+5}
   (You found it in the Dungeon)

   [ring of protection from fire]

   Dex+5:     It affects your dexterity (+5).
   rF+:       It protects you from fire.
   rN+:       It protects you from negative energy.
 s - the ring "Ynnill" {Wiz rF+ Stlth+}
   (You acquired it in the Dungeon)

   [ring of wizardry]

   Wiz:       It improves your spell success rate.
   rF+:       It protects you from fire.
   Stlth+:    It makes you more stealthy.
 t - the ring of Curiosity (left paw) {Will+ AC+4 Dex+2}
   (You acquired it in the Dungeon)

   [ring of protection]

   AC+4:      It affects your AC (+4).
   Dex+2:     It affects your dexterity (+2).
   Will+:     It increases your willpower.
 v - a ring of fire
 w - a ring of ice
 z - a +6 ring of strength
 A - a +4 ring of evasion
 B - a +6 ring of dexterity
 C - a +4 ring of evasion
 G - the amulet of Lucidity {Reflect rN+ SH+5 SInv}
   (You found it in the Dungeon)

   [amulet of reflection]

   Reflect:   It reflects blocked missile attacks.
   rN+:       It protects you from negative energy.
   SInv:      It lets you see invisible.
   SH+5:      It affects your SH (+5).
 H - an amulet of the acrobat
 J - the ring "Fatufot" {Fire rN++ Will+++ Dex-2}
   (You found it in the Dungeon)

   [ring of fire]

   Fire:      It enhances your fire magic.
   Dex-2:     It affects your dexterity (-2).
   rF+:       It protects you from fire.
   rC-:       It makes you vulnerable to cold.
   rN++:      It greatly protects you from negative energy.
   Will+++:   It greatly increases your willpower.
 K - the amulet "Sigymean" (around neck) {rF+ Regen+ Dex+3}
   (You found it in the Dungeon)

   [amulet of regeneration]

   Dex+3:     It affects your dexterity (+3).
   rF+:       It protects you from fire.
   Regen+:    It increases your rate of health regeneration.
Talismans
 b - a beast talisman
 c - a flux talisman (active)
 y - the serpent talisman of Morality {Will++ Stlth+}
   (You took it off Aizul in the Dungeon)

   [serpent talisman]

   Will++:    It greatly increases your willpower.
   Stlth+:    It makes you more stealthy.
Wands
 l - a wand of iceblast (5)
 m - a wand of paralysis (2)
Scrolls
 a - a scroll of poison {unknown}
 f - 3 scrolls of fog
 i - 2 scrolls of blinking
 k - 2 scrolls of amnesia
 o - 8 scrolls of fear
 u - 4 scrolls of identify
Potions
 g - 9 potions of magic
 h - a potion of berserk rage
 j - 2 potions of curing
 p - 7 potions of haste
 q - a potion of might
 D - 3 potions of brilliance
 F - a potion of attraction {unknown}
Miscellaneous
 d - a lightning rod (4/4) (quivered)
 x - the horn of Geryon (inert)


   Skills:
 O Level 27 Fighting
 O Level 27 Dodging
 O Level 27 Stealth
 O Level 27 Unarmed Combat
 O Level 27 Spellcasting
 - Level 14.0 Hexes
 - Level 1.0 Ice Magic
 + Level 26.1 Air Magic
 O Level 27 Invocations
 O Level 27 Evocations
 O Level 27 Shapeshifting


You had 68 spell levels left.
You knew the following spells:

 Your Spells              Type           Power      Damage    Failure   Level
a - Ensorcelled Hibernat  Hex/Ice        84%        N/A       1%          2
b - Swiftness             Air            78%        N/A       0%          3

Your spell library contained the following spells:

 Spells                   Type           Power      Damage    Failure   Level
 Passwall                 Erth           20%        N/A       4%          3


Dungeon Overview and Level Annotations

Branches:
Dungeon (1/1)

Altars:
Cheibriados
Dithmenos
Elyvilon
Fedhas
Gozag
Hepliaklqana
Kikubaaqudgha
Makhleb
Nemelex Xobeh
Okawaru
Qazlal
Ru
Sif Muna
Trog
Uskayaw
Vehumet
Wu Jian
Xom
Yredelemnul
Zin
The Shining One
Jiyva
Lugonu

Shops:
D *:*?

Annotations:
D Boris


Innate Abilities, Weirdness & Mutations

You are something dangerously unstable.
You glow with magical radiation, making you easy to see and hit.
Foes you strike become dangerously contaminated with magical radiation.
You have sharp claws.
You have razor-sharp teeth.
You have supernaturally acute eyesight. (SInv)
Your thick and shaggy fur keeps you warm. (AC +3, rC+)
Your paws help you pounce on unaware monsters.
You are incapable of wielding weapons or throwing items.
You cannot wear armour.
You gain extra lives every three experience levels.
You have a pair of small antennae on your head.
Your flesh is heat resistant. (rF+)
You are strong-willed. (Will+)
You sometimes lose the ability to drink potions when taking damage.


Message History

Luvi gestures.
Lightning arcs from Luvi's claws!
The bolt of lightning hits you!!!
A bolt of lightning appears from out of thin air!
The bolt of lightning hits Luvi.
You hear an angry squeal. x2
Unknown command.
Unknown command.
You produce a hideous howling noise!
Luvi gestures.
Luvi flickers and vanishes for a moment.
Unknown command.
Unknown command.
Unknown command.
Unknown command.
You swap places.
Luvi hits your hell beast!! Luvi freezes your hell beast.
Unknown command.
You swap places.
Luvi hits your hell beast!!! Luvi freezes your hell beast!
Unknown command.
Luvi hits your hell beast! Luvi freezes your hell beast.
Your hell beast dies!
Your hell beast disappears in a puff of smoke!
Unknown command.
Unknown command.
Luvi gestures.
Lightning arcs from Luvi's claws!
The bolt of lightning hits your hell beast!!!
The bolt of lightning hits your hell beast!!
The bolt of lightning hits you!!!
* * * LOW HITPOINT WARNING * * *
The bolt of lightning hits Luvi!
You hear an angry squeal. x3
Luvi gestures.
Lightning arcs from Luvi's claws!
The bolt of lightning hits your hell beast!!!
Your hell beast dies!
Your hell beast disappears in a puff of smoke!
A bolt of lightning appears from out of thin air!
The bolt of lightning hits your hell beast!
The bolt of lightning hits you!!!
You die...

▓▓▓▓▓▓▓▓▓▓▓▓▓▓▓▓▓▓▓▓
▓<▓...▓...▓...▓...▓.
▓.▓.▓.▓.▓.▓.▓.▓.▓.▓.
▓.▓.▓.▓.▓.▓.▓.▓.▓.▓.
▓.▓.▓.▓.▓.▓.▓.▓.▓.▓.
▓'▓.▓.▓.▓.▓.▓.▓.▓.▓.
▓)▓p▓.▓.▓.▓.▓.▓.▓.▓.
▓.▓2▓.▓.▓.▓.▓.▓.▓.▓.
▓.▓§▓'▓.▓.▓.▓.▓.▓)▓.
▓.▓.▓.▓.▓.▓.▓.▓.▓.▓.
▓.▓.▓.▓.▓.▓.▓'▓.▓.▓.
▓)▓&▓.▓)▓.▓.▓.▓)▓.▓.
▓.▓.▓.▓.▓.▓.▓=▓.▓.▓.
▓.▓.▓.▓.▓.▓.▓.▓.▓.▓.
▓.▓.▓)▓)▓'▓.▓.▓.▓.▓.


You could see Luvi (invisible) and a friendly hell beast (summoned).

Vanquished Creatures
  the Royal Jelly (D)
  3 orbs of fire (D)
  3 ancient liches (D)
  Mara (D)
  5 royal mummies (D)
  Boris (thrice) (D)
  Geryon (D)
  Margery (D)
  4 golden dragons (D)
  A bone dragon (D)
  A profane servitor (D)
  2 Tzitzimimeh (D)
  3 electric golems (D)
  2 pandemonium lords (D)
  A Brimstone Fiend (D)
  34 Orb Guardians (D)
  3 tentacled monstrosities (D)
  2 Hell Sentinels (D)
  A quicksilver dragon (D)
  5 liches (D)
  13 sphinxes (D)
  A searing wretch (D)
  3 deep elf blademasters (D)
  7 acid blobs (D)
  Gastronok (D)
  3 death cobs (D)
  2 Executioners (D)
  4 storm dragons (D)
  Agnes (D)
  A tengu reaver (D)
  Kirke (D)
  8 shadow dragons (D)
  Aizul (D)
  5 azure jellies (D)
  3 draconian knights (D)
  A fire giant (D)
  9 nagarajas (D)
  A draconian monk (D)
  2 rockslimes (D)
  A protean progenitor (D)
  Ilsuiw (D)
  2 emperor scorpions (D)
  3 draconian shifters (D)
  3 draconian scorchers (D)
  Louise (D)
  4 frost giants (D)
  3 ghost moths (D)
  2 vault wardens (D)
  3 deep elf sorcerers (D)
  A balrug (D)
  2 reapers (D)
  A draconian annihilator (D)
  2 cacodemons (D)
  4 quicksilver oozes (D)
  8 stone giants (D)
  A demonspawn blood saint (D)
  4 very ugly things (D)
  An eleionoma (D)
  2 ironbound thunderhulks (D)
  4 ironbound preservers (D)
  7 vampire knights (D)
  6 black draconians (D)
  Azrael (D)
  5 deep elf annihilators (D)
  5 yellow draconians (D)
  4 green draconians (D)
  2 white draconians (D)
  3 lorocyprocas (D)
  A red draconian (D)
  2 bunyips (D)
  3 deep elf death magi (D)
  A purple draconian (D)
  A blizzard demon (D)
  3 ettins (D)
  5 merfolk impalers (D)
  2 green deaths (D)
  4 fire dragons (D)
  7 mummy priests (D)
  Josephine (D)
  4 deep elf high priests (D)
  4 merfolk javelineers (D)
  A yaktaur captain (D)
  2 great orbs of eyes (D)
  25 vault guards (D)
  Harold (D)
  2 ice dragons (D)
  5 hydras (D)
  A merfolk avatar (D)
  A hell beast (D)
  Erica (D)
  An alligator (D)
  3 spriggan air magi (D)
  4 centaur warriors (D)
  3 ironbound frosthearts (D)
  3 catoblepae (D)
  3 boulder beetles (D)
  A death knight (D)
  An alligator snapping turtle (D)
  An anaconda (D)
  A deep troll shaman (D)
  2 two-headed ogres (D)
  A naga warrior (D)
  An occultist (D)
  A vampire mage (D)
  4 tengu warriors (D)
  5 death yaks (D)
  2 merfolk aquamancers (D)
  A shock serpent (D)
  A sun demon (D)
  2 deep troll earth magi (D)
  3 demonic crawlers (D)
  4 hell knights (D)
  A salamander mystic (D)
  3 sixfirhies (D)
  A pharaoh ant (D)
  An arcanist (D)
  2 shadow demons (D)
  3 deep trolls (D)
  6 swamp dragons (D)
  A naga ritualist (D)
  A lindwurm (shapeshifter) (D)
  A necromancer (D)
  2 steelbarb worms (D)
  2 wolf spiders (D)
  An orc knight (D)
  A phantasmal warrior (D)
  8 orc sorcerers (D)
  4 will-o-the-wisps (D)
  An ugly thing (D)
  A manticore (D)
  A cyclops (D)
  Joseph (D)
  9 moths of wrath (D)
  An elephant (D)
  5 vault sentinels (D)
  2 water nymphs (D)
  4 black mambas (D)
  2 torpor snails (D)
  A guardian serpent (D)
  3 naga magi (D)
  4 cane toads (D)
  4 large abominations (D)
  An unseen horror (D)
  4 orange demons (D)
  3 rime drakes (D)
  A yaktaur (D)
  An efreet (D)
  An ice devil (D)
  A komodo dragon (D)
  A freezing wraith (D)
  16 guardian mummies (D)
  Psyche (D)
  2 tormentors (D)
  3 red devils (D)
  A wandering mushroom (D)
  2 hellwings (D)
  2 merfolk (D)
  A tarantella (D)
  A blink frog (D)
  3 glass eyes (D)
  2 snapping turtles (D)
  3 jumping spiders (D)
  A snapping turtle (shapeshifter) (D)
  5 slime creatures (D)
  4 wraiths (D)
  2 small abominations (D)
  11 spriggans (D)
  A ynoxinul (D)
  A basilisk (D)
  2 neqoxecs (D)
  2 fire elementals (D)
  A golden eye (D)
  2 redbacks (D)
  A vampire mosquito (D)
  A chaos spawn (D)
  An acid dragon (D)
  2 hell hounds (D)
  2 water moccasins (D)
  3 swamp drakes (D)
  13 orc warriors (D)
  2 wolves (D)
  2 bullfrogs (D)
  A scorpion (D)
  A quasit (D)
  4 orc priests (D)
  An iguana (D)
  10 orc wizards (D)
  A ribbon worm (D)
  7 orcs (D)
  An endoplasm (D)
  A hobgoblin (D)
  A ball python (D)
  A ball python skeleton (D)
  A bat (D)
  A kobold (D)
  A lurking horror (D)
573 creatures vanquished.

Vanquished Creatures (collateral kills)
  A rockslime (D)
1 creature vanquished.

Vanquished Creatures (others)
  An Orb Guardian (D)
  A deep elf blademaster (D)
  A vampire knight (D)
  A merfolk impaler (D)
  A sun moth (D)
  6 humans (D)
  A chaos spawn (D)
  A neqoxec (D)
  9 foxfires (D)
22 creatures vanquished.

Grand Total: 596 creatures vanquished

Notes
Turn   | Place    | Note
-------+----------+-------------------------------------------
     0 | D        | Groucho the Felid Shapeshifter began the quest for the Orb.
     0 | D        | Reached XP level 1. HP: 10/10 MP: 2/2
     7 | D        | Reached skill level 1 in Stealth
   204 | D        | Noticed an iguana
   204 | D        | Noticed a scorpion
   212 | D        | Killed an iguana
   213 | D        | Reached XP level 2. HP: 16/16 MP: 3/3
   213 | D        | Reached XP level 3. HP: 19/19 MP: 4/4
   226 | D        | Killed a scorpion
   227 | D        | Reached skill level 5 in Dodging
   227 | D        | Reached skill level 5 in Stealth
   227 | D        | Reached XP level 4. HP: 12/25 MP: 5/5
   227 | D        | Gained a life (2 lives remaining)
   527 | D        | Found a snail-covered altar of Cheibriados.
   527 | D        | Found a shadowy altar of Dithmenos.
   527 | D        | Found a white marble altar of Elyvilon.
   527 | D        | Found a blossoming altar of Fedhas.
   527 | D        | Found an opulent altar of Gozag.
   528 | D        | Found a hazy altar of Hepliaklqana.
   529 | D        | Found a viscous altar of Jiyva.
   530 | D        | Found an ancient bone altar of Kikubaaqudgha.
   531 | D        | Found a corrupted altar of Lugonu.
   532 | D        | Found a burning altar of Makhleb.
   533 | D        | Found a sparkling altar of Nemelex Xobeh.
   534 | D        | Found an iron altar of Okawaru.
   535 | D        | Found a stormy altar of Qazlal.
   536 | D        | Found a sacrificial altar of Ru.
   537 | D        | Found a shimmering blue altar of Sif Muna.
   538 | D        | Found a bloodstained altar of Trog.
   539 | D        | Found a hide-covered altar of Uskayaw.
   540 | D        | Found a radiant altar of Vehumet.
   541 | D        | Found an ornate altar of the Wu Jian Council.
   542 | D        | Found a shimmering altar of Xom.
   543 | D        | Found a basalt altar of Yredelemnul.
   544 | D        | Found a glowing silver altar of Zin.
   545 | D        | Found a glowing golden altar of the Shining One.
   547 | D        | Became a worshipper of Uskayaw the Reveller
   574 | D        | Noticed a two-headed ogre
   574 | D        | Noticed a wraith
   574 | D        | Noticed an unseen horror
   574 | D        | Noticed a two-headed ogre
   574 | D        | Noticed an orc warrior
   576 | D        | Reached * piety under Uskayaw
   581 | D        | Killed a two-headed ogre
   581 | D        | Reached ** piety under Uskayaw
   582 | D        | Reached skill level 5 in Invocations
   582 | D        | Reached XP level 5. HP: 32/32 MP: 5/9
   582 | D        | Gained mutation: You are covered in thick fur. (AC +2)
                  | [Felid growth]
   582 | D        | Reached XP level 6. HP: 37/37 MP: 5/10
   582 | D        | Reached XP level 7. HP: 41/41 MP: 5/11
   589 | D        | Reached *** piety under Uskayaw
   590 | D        | Killed a wraith
   590 | D        | Reached **** piety under Uskayaw
   591 | D        | Reached skill level 10 in Stealth
   592 | D        | Reached ***** piety under Uskayaw
   593 | D        | Killed an unseen horror
   594 | D        | Reached skill level 10 in Dodging
   594 | D        | Reached XP level 8. HP: 41/46 MP: 5/13
   596 | D        | Killed a two-headed ogre
   602 | D        | Noticed a centaur warrior
   602 | D        | Noticed a slime creature
   602 | D        | Noticed a brown ugly thing
   602 | D        | Noticed a slime creature
   602 | D        | Noticed a centaur warrior
   602 | D        | Noticed a death knight
   607 | D        | Killed a centaur warrior
   607 | D        | Reached ****** piety under Uskayaw
   608 | D        | Reached XP level 9. HP: 50/53 MP: 7/15
   614 | D        | Killed a brown ugly thing
   620 | D        | Reached skill level 10 in Unarmed Combat
   621 | D        | Killed a centaur warrior
   626 | D        | Killed a death knight
   627 | D        | Reached skill level 10 in Fighting
  1236 | D        | Noticed a cane toad
  1236 | D        | Noticed a cane toad
  1236 | D        | Noticed a rime drake
  1239 | D        | Reached skill level 1 in Evocations
  1239 | D        | Reached XP level 10. HP: 59/59 MP: 17/17
  1239 | D        | Noticed a cane toad
  1240 | D        | Killed a cane toad
  1242 | D        | Killed a cane toad
  1248 | D        | Killed a cane toad
  1543 | D        | Noticed an elephant
  1546 | D        | Reached skill level 15 in Stealth
  1546 | D        | Noticed a cane toad
  1548 | D        | Noticed a boulder beetle
  1549 | D        | Killed an elephant
  1550 | D        | Reached skill level 10 in Invocations
  1553 | D        | Reached skill level 5 in Evocations
  1556 | D        | Killed a cane toad
  1570 | D        | Killed a boulder beetle
  1571 | D        | Reached XP level 11. HP: 65/65 MP: 19/19
  1865 | D        | Noticed a death yak
  1865 | D        | Noticed a catoblepas
  1865 | D        | Noticed a death yak
  1865 | D        | Noticed a death yak
  1865 | D        | Noticed a catoblepas
  1865 | D        | Noticed a catoblepas
  1866 | D        | Noticed a death yak
  1869 | D        | Killed a death yak
  1870 | D        | Reached skill level 15 in Dodging
  1870 | D        | Noticed a death yak
  1873 | D        | Killed a death yak
  1873 | D        | Killed a catoblepas
  1873 | D        | Killed a death yak
  1873 | D        | Killed a catoblepas
  1873 | D        | Killed a catoblepas
  1889 | D        | Killed a death yak
  1889 | D        | Killed a death yak
  2260 | D        | Noticed Gastronok
  2272 | D        | Killed Gastronok
  2476 | D        | Noticed Harold
  2483 | D        | Killed Harold
  2500 | D        | Noticed Erica
  2503 | D        | Noticed Joseph
  2507 | D        | Killed Erica
  2511 | D        | Killed Joseph
  2747 | D        | Gained mutation: Your thick and shaggy fur keeps you warm.
                  | (AC +3, rC+) [Felid growth]
  2747 | D        | Reached XP level 12. HP: 67/73 MP: 22/22
  3065 | D        | Found Woapn's General Store.
  3075 | D        | Found Numounit's Book Shoppe.
  3077 | D        | Found Viqika Uras's General Store.
  3084 | D        | Reached skill level 10 in Evocations
  3084 | D        | Found Plog's Magic Scroll Shoppe.
  3135 | D        | Bought a scroll of acquirement for 572 gold pieces
  3139 | D        | Bought a scroll of acquirement for 728 gold pieces
  3139 | D        | Acquired the ring "Ynnill" {Wiz rF+ Stlth+}
  3140 | D        | Acquired the ring of Curiosity {Will+ AC+4 Dex+2}
  3151 | D        | Bought a wand of paralysis (6) for 201 gold pieces
  3157 | D        | Bought a scroll of identify for 28 gold pieces
  3161 | D        | Bought a book of Burglary for 264 gold pieces
  3164 | D        | Learned a level 2 spell: Ensorcelled Hibernation
  3168 | D        | Learned a level 3 spell: Swiftness
  3310 | D        | Noticed a centaur warrior
  3310 | D        | Noticed a tengu warrior
  3311 | D        | Noticed a boulder beetle
  3315 | D        | Reached skill level 1 in Hexes
  3315 | D        | Noticed a tengu warrior
  3317 | D        | Noticed a fire dragon
  3318 | D        | Killed a centaur warrior
  3319 | D        | Reached skill level 1 in Spellcasting
  3319 | D        | Reached skill level 1 in Ice Magic
  3319 | D        | Reached skill level 1 in Air Magic
  3319 | D        | Noticed a deep troll earth mage
  3320 | D        | Killed a tengu warrior
  3320 | D        | Killed a boulder beetle
  3321 | D        | Noticed an ice dragon
  3322 | D        | Noticed a stone giant
  3324 | D        | Killed a tengu warrior
  3326 | D        | Noticed a lich
  3327 | D        | Killed a fire dragon
  3327 | D        | Killed a deep troll earth mage
  3328 | D        | Noticed a deep troll earth mage
  3331 | D        | Killed an ice dragon
  3332 | D        | Reached skill level 5 in Hexes
  3335 | D        | Killed a stone giant
  3342 | D        | Killed a deep troll earth mage
  3353 | D        | Killed a lich
  3354 | D        | Reached XP level 13. HP: 49/79 MP: 5/24
  3721 | D        | Noticed Josephine
  3728 | D        | Killed Josephine
  3848 | D        | Noticed Psyche
  3855 | D        | Killed Psyche
  3887 | D        | Reached skill level 15 in Unarmed Combat
  3895 | D        | Reached skill level 15 in Fighting
  3895 | D        | Reached skill level 5 in Spellcasting
  3895 | D        | Reached skill level 5 in Air Magic
  4319 | D        | Noticed a ghost moth
  4326 | D        | Killed a ghost moth
  4598 | D        | Noticed a merfolk javelineer
  4604 | D        | Killed a merfolk javelineer
  4606 | D        | Noticed a merfolk impaler
  4740 | D        | Killed a merfolk impaler
  5108 | D        | Noticed a bunyip
  5108 | D        | Noticed an eleionoma
  5119 | D        | Killed a bunyip
  5123 | D        | Killed an eleionoma
  5128 | D        | Reached skill level 15 in Invocations
  5496 | D        | Identified the serpent talisman of Morality {Will++ Stlth+}
  5496 | D        | Noticed Aizul
  5516 | D        | Killed Aizul
  5517 | D        | Reached XP level 14. HP: 51/87 MP: 21/26
  6076 | D        | Noticed Azrael
  6087 | D        | Killed Azrael
  6188 | D        | Noticed a frost giant
  6188 | D        | Noticed a lich
  6188 | D        | Noticed a purple very ugly thing
  6189 | D        | Noticed a stone giant
  6190 | D        | Killed a frost giant
  6193 | D        | Noticed a vampire knight
  6196 | D        | Killed a lich
  6198 | D        | Noticed a green very ugly thing
  6198 | D        | Noticed a stone giant
  6203 | D        | Killed a purple very ugly thing
  6205 | D        | Noticed a green very ugly thing
  6206 | D        | Killed a stone giant
  6214 | D        | Noticed a frost giant
  6219 | D        | Killed a stone giant
  6220 | D        | Killed a green very ugly thing
  6231 | D        | Killed a green very ugly thing
  6231 | D        | Killed a frost giant
  6232 | D        | Reached skill level 10 in Shapeshifting
  6238 | D        | Killed a vampire knight
  6721 | D        | Noticed an ironbound preserver
  6726 | D        | Noticed an ironbound thunderhulk
  6727 | D        | Noticed an ironbound preserver
  6728 | D        | Killed an ironbound preserver
  6731 | D        | Killed an ironbound thunderhulk
  6733 | D        | Noticed an ironbound preserver
  6736 | D        | Noticed an ironbound thunderhulk
  6737 | D        | Killed an ironbound preserver
  6738 | D        | Reached skill level 15 in Evocations
  6740 | D        | Killed an ironbound thunderhulk
  6742 | D        | Killed an ironbound preserver
  6747 | D        | Noticed a sphinx
  6753 | D        | Killed a sphinx
  7444 | D        | Noticed Louise
  7451 | D        | Killed Louise
  7847 | D        | Noticed Mara
  7861 | D        | Noticed Groucho's illusion
  7864 | D        | Killed Mara
  7865 | D        | Reached XP level 15. HP: 51/94 MP: 23/28
  8346 | D        | Noticed an emperor scorpion
  8350 | D        | Killed an emperor scorpion
  8354 | D        | Noticed an emperor scorpion
  8355 | D        | Reached skill level 10 in Air Magic
  8363 | D        | Killed an emperor scorpion
  8703 | D        | Got a gossamer rune of Zot
  9192 | D        | Got a decaying rune of Zot
  9199 | D        | Noticed a nagaraja
  9199 | D        | Noticed a nagaraja
  9199 | D        | Noticed a nagaraja
  9200 | D        | Noticed a nagaraja
  9202 | D        | Noticed a nagaraja
  9203 | D        | Killed a nagaraja
  9204 | D        | Noticed a nagaraja
  9209 | D        | Noticed a nagaraja
  9210 | D        | Slain by a nagaraja
  9210 | D        | Lost a life (1 life remaining)
  9456 | D        | Killed a nagaraja
  9650 | D        | Killed a nagaraja
  9756 | D        | Killed a nagaraja
 10000 | D        | Killed a nagaraja
 10001 | D        | Killed a nagaraja
 10002 | D        | Killed a nagaraja
 10087 | D        | Noticed a nagaraja
 10092 | D        | Killed a nagaraja
 10263 | D        | Noticed a nagaraja
 10270 | D        | Killed a nagaraja
 10283 | D        | Got a serpentine rune of Zot
 10428 | D        | Noticed Ilsuiw
 10455 | D        | HP: 3/115 [merfolk javelineer/silver javelin (9)]
 10777 | D        | Killed Ilsuiw
 11065 | D        | Got a barnacled rune of Zot
 11124 | D        | Noticed Agnes
 11133 | D        | Killed Agnes
 11134 | D        | Reached skill level 15 in Shapeshifting
 11296 | D        | Reached XP level 16. HP: 91/102 MP: 30/30
 11296 | D        | Gained a life (2 lives remaining)
 11769 | D        | Noticed a shadow dragon
 11779 | D        | Reached skill level 27 in Stealth
 11781 | D        | Noticed a shadow dragon
 11787 | D        | Killed a shadow dragon
 11807 | D        | Killed a shadow dragon
 11872 | D        | Noticed a shadow dragon
 11872 | D        | Noticed a tentacled monstrosity
 11872 | D        | Noticed a shadow dragon
 11882 | D        | Noticed a shadow dragon
 11884 | D        | Killed a shadow dragon
 11890 | D        | Killed a tentacled monstrosity
 11899 | D        | Killed from afar by a shadow dragon
 11899 | D        | Lost a life (1 life remaining)
 11907 | D        | Killed a shadow dragon
 11907 | D        | Killed a shadow dragon
 11911 | D        | Identified the amulet of Lucidity {Reflect rN+ SH+5 SInv}
 11914 | D        | Got a silver rune of Zot
 12153 | D        | Noticed Boris
 12169 | D        | Killed Boris
 12454 | D        | Noticed Margery
 12473 | D        | Noticed a searing wretch
 12499 | D        | Killed Margery
 12505 | D        | Killed a searing wretch
 12761 | D        | Got the ring "Fatufot" {Fire rN++ Will+++ Dex-2}
 12763 | D        | Got the amulet "Sigymean" {rF+ Regen+ Dex+3}
 12765 | D        | Got the ring "Jiuhiogh" {Fire ^Drain rElec Str+5}
 12783 | D        | Got the ring "Ythraf" {AC+3 Str+3 Dex+3}
 12785 | D        | Got the ring of Luppuvosm {rF+ rN+ Dex+5}
 12968 | D        | Noticed Kirke
 12981 | D        | Killed Kirke
 13031 | D        | Noticed a shadow dragon
 13031 | D        | Noticed a tengu reaver
 13041 | D        | Killed a shadow dragon
 13043 | D        | Killed a tengu reaver
 13044 | D        | Reached XP level 17. HP: 110/110 MP: 32/32
 13044 | D        | Gained a life (2 lives remaining)
 13047 | D        | Reached skill level 27 in Dodging
 13074 | D        | Noticed a golden dragon
 13074 | D        | Noticed a bone dragon
 13091 | D        | Killed a golden dragon
 13104 | D        | Killed a bone dragon
 13562 | D        | Noticed a tentacled monstrosity
 13582 | D        | Killed a tentacled monstrosity
 13601 | D        | Noticed a golden dragon
 13628 | D        | Killed a golden dragon
 13850 | D        | Noticed a golden dragon
 13874 | D        | Killed a golden dragon
 14215 | D        | Noticed a tentacled monstrosity
 14216 | D        | Noticed a quicksilver dragon
 14231 | D        | Killed a tentacled monstrosity
 14247 | D        | Killed a quicksilver dragon
 14393 | D        | Noticed an Orb Guardian
 14393 | D        | Noticed an Orb Guardian
 14393 | D        | Noticed an Orb Guardian
 14393 | D        | Noticed an Orb Guardian
 14393 | D        | Noticed an Orb Guardian
 14393 | D        | Noticed an Orb Guardian
 14394 | D        | Noticed an Orb Guardian
 14395 | D        | Killed an Orb Guardian
 14401 | D        | Killed an Orb Guardian
 14402 | D        | Noticed an Orb Guardian
 14403 | D        | Killed an Orb Guardian
 14404 | D        | Noticed an Orb Guardian
 14405 | D        | Killed an Orb Guardian
 14406 | D        | Noticed an Orb Guardian
 14407 | D        | Killed an Orb Guardian
 14410 | D        | Killed an Orb Guardian
 14413 | D        | Killed an Orb Guardian
 14416 | D        | Killed an Orb Guardian
 14417 | D        | Reached XP level 18. HP: 112/123 MP: 35/35
 14419 | D        | Killed an Orb Guardian
 14423 | D        | Killed an Orb Guardian
 14637 | D        | Noticed an Orb Guardian
 14637 | D        | Noticed an Orb Guardian
 14641 | D        | Noticed an Orb Guardian
 14651 | D        | Killed an Orb Guardian
 14652 | D        | Noticed an Orb Guardian
 14653 | D        | Killed an Orb Guardian
 14673 | D        | Killed an Orb Guardian
 14674 | D        | Killed an Orb Guardian
 14910 | D        | Noticed an ancient lich
 14912 | D        | Killed an ancient lich
 14914 | D        | Noticed an orb of fire
 14930 | D        | Killed an orb of fire
 15270 | D        | Noticed an electric golem
 15275 | D        | Killed an electric golem
 15278 | D        | Noticed an ancient lich
 15278 | D        | Noticed an Orb Guardian
 15278 | D        | Noticed an electric golem
 15278 | D        | Noticed an electric golem
 15279 | D        | Noticed a golden dragon
 15280 | D        | Noticed an orb of fire
 15283 | D        | Killed an Orb Guardian
 15285 | D        | Killed an electric golem
 15285 | D        | Killed an ancient lich
 15290 | D        | Killed an electric golem
 15294 | D        | Gained mutation: You occasionally lose the ability to drink
                  | potions when taking damage. [an orb of fire]
 15295 | D        | Noticed an orb of fire
 15299 | D        | Gained mutation: Your spells are a little easier to cast,
                  | but a little less powerful. [an orb of fire]
 15301 | D        | Killed an orb of fire
 15302 | D        | Reached skill level 27 in Evocations
 15308 | D        | Killed an orb of fire
 15309 | D        | Reached skill level 27 in Fighting
 15309 | D        | Reached skill level 27 in Unarmed Combat
 15310 | D        | Killed a golden dragon
 15311 | D        | Reached skill level 27 in Invocations
 15312 | D        | Noticed an Orb Guardian
 15338 | D        | Killed an Orb Guardian
 15350 | D        | Reached skill level 10 in Hexes
 15630 | D        | Noticed an Orb Guardian
 15630 | D        | Noticed an Orb Guardian
 15630 | D        | Noticed an Orb Guardian
 15630 | D        | Noticed an Orb Guardian
 15630 | D        | Noticed an Orb Guardian
 15630 | D        | Noticed an Orb Guardian
 15637 | D        | Killed an Orb Guardian
 15639 | D        | Killed an Orb Guardian
 15640 | D        | Noticed an Orb Guardian
 15641 | D        | Killed an Orb Guardian
 15641 | D        | Killed an Orb Guardian
 15642 | D        | Noticed an Orb Guardian
 15646 | D        | Killed an Orb Guardian
 15650 | D        | Killed an Orb Guardian
 15651 | D        | Noticed an Orb Guardian
 15657 | D        | Killed an Orb Guardian
 15658 | D        | Reached skill level 10 in Spellcasting
 15658 | D        | Noticed an Orb Guardian
 15664 | D        | Killed an Orb Guardian
 15666 | D        | Noticed an Orb Guardian
 15668 | D        | Killed an Orb Guardian
 15669 | D        | Noticed an Orb Guardian
 15670 | D        | Killed an Orb Guardian
 15672 | D        | Killed an Orb Guardian
 15680 | D        | Killed an Orb Guardian
 16107 | D        | Noticed a lich
 16108 | D        | Noticed a lich
 16111 | D        | Killed a lich
 16122 | D        | Killed a lich
 16130 | D        | Noticed a lich
 16130 | D        | Noticed an ancient lich
 16133 | D        | Reached XP level 19. HP: 132/132 MP: 29/37
 16141 | D        | Killed an ancient lich
 16142 | D        | Reached skill level 15 in Air Magic
 16349 | D        | Reached skill level 15 in Spellcasting
 16920 | D        | Got an elven rune of Zot
 16955 | D        | Noticed the Royal Jelly
 16974 | D        | Killed the Royal Jelly
 17515 | D        | Got a slimy rune of Zot
 17623 | D        | HP: 6/132 [sphinx/divine providence (12)]
 17624 | D        | Killed from afar by a sphinx
 17624 | D        | Lost a life (1 life remaining)
 17731 | D        | Got an abyssal rune of Zot
 18083 | D        | Noticed a royal mummy
 18083 | D        | Noticed a royal mummy
 18083 | D        | Noticed a royal mummy
 18085 | D        | Killed a royal mummy
 18086 | D        | Noticed a royal mummy
 18087 | D        | Killed a royal mummy
 18089 | D        | Noticed a royal mummy
 18099 | D        | Killed a royal mummy
 18099 | D        | Killed by a royal mummy's death curse
 18099 | D        | Lost a life (0 lives remaining)
 18168 | D        | Killed a royal mummy
 18293 | D        | Noticed Geryon
 18303 | D        | Killed Geryon
 18840 | D        | Killed a royal mummy
 18841 | D        | Reached skill level 27 in Shapeshifting
 19328 | D        | Got a golden rune of Zot
 20036 | D        | Reached XP level 20. HP: 115/137 MP: 46/49
 20036 | D        | Gained a life (1 life remaining)
 21045 | D        | Got the Orb of Zot
 21063 | D        | Noticed Boris
 21076 | D        | Killed Boris
 21266 | D        | Noticed Boris
 21278 | D        | HP: 2/137 [Boris/iron shot (102)]
 21282 | D        | Killed Boris
 21283 | D        | Reached skill level 27 in Spellcasting
 21417 | D        | Noticed Ipsyhan the pandemonium lord
 21427 | D        | Killed Ipsyhan the pandemonium lord
 21625 | D        | Noticed a profane servitor
 21636 | D        | Killed a profane servitor
 21842 | D        | Noticed Jaajel the pandemonium lord
 21875 | D        | Killed Jaajel the pandemonium lord
 21875 | D        | HP: 9/205 [something (3)]
 21944 | D        | Gained mutation: You do not regenerate when monsters are
                  | visible. [a neqoxec]
 22048 | D        | Gained mutation: You have a pair of small antennae on your
                  | head. [a cacodemon]
 22264 | D        | Lost mutation: Your spells are a little easier to cast, but
                  | a little less powerful. [potion of mutation]
 22264 | D        | Lost mutation: You do not regenerate when monsters are
                  | visible. [potion of mutation]
 22264 | D        | Gained mutation: You sometimes lose the ability to drink
                  | potions when taking damage. [potion of mutation]
 22264 | D        | Gained mutation: Your flesh is heat resistant. (rF+)
                  | [potion of mutation]
 22264 | D        | Gained mutation: You are strong-willed. (Will+) [potion of
                  | mutation]
 22916 | D        | Noticed Boris
 22920 | D        | Killed from afar by Boris
 22920 | D        | Lost a life (0 lives remaining)
 23043 | D        | Noticed Luvi the pandemonium lord
 23052 | D        | Killed from afar by Luvi the pandemonium lord

Illustrated notes

Levels and vault maps discovered:
D:        linesprint [early_d, line_temple, items_1, d_10, items_2, lair_1,
          lair_end, items_3, orc_1, orc_end, items_4, d_15, swamp_1, shoals_1,
          snake_1, spider_1, d_20, vaults_1, items_5, swamp_end, shoals_end,
          snake_end, spider_end, vaults_end, d_27, items_6, zot_1, zot_end,
          crypt_end, forest_end, elf_end, slime_end, tomb_end, abyss_end,
          pan_hell_end]

Skill      XL: |  1  2  3  4  5  6  7  8  9 10 11 12 13 14 15 16 17 18 19 20 |
---------------+-------------------------------------------------------------+-----
Dodging        | 4 5 9 10 11 13 14 16 18 20 22 24 26 27 | 27.0
Stealth        | 3 5 9 10 12 14 15 18 19 21 23 25 27 | 27.0
Shapeshifting  | 3 4 6 7 8 12 15 19 20 27 | 27.0
Fighting       | 2 3 6 7 9 10 11 13 14 16 17 19 21 25 27 | 27.0
Unarmed Combat | 4 7 8 9 10 11 13 14 16 17 19 21 24 27 | 27.0
Invocations    | 5 6 7 9 10 12 13 15 16 18 20 24 27 | 27.0
Evocations     | 1 5 9 11 13 15 17 20 24 27 | 27.0
Hexes          | 6 7 14 | 14.0
Spellcasting   | 3 7 12 24 27 | 27.0
Ice Magic      | 1 |  1.0
Air Magic      | 3 6 9 10 14 15 26 | 26.1

Action                     |  1- 3 |  4- 6 |  7- 9 | 10-12 | 13-15 | 16-18 | 19-21 || total
---------------------------+-------+-------+-------+-------+-------+-------+-------++-------
  Melee: Unarmed           |    30 |     5 |    35 |   120 |   221 |   655 |   522 ||  1588
         Bite              |     7 |     1 |     6 |    16 |    10 |    94 |   114 ||   248
         Punch             |       |     1 |     4 |    10 |    18 |       |       ||    33
         Constrict         |       |       |       |       |    14 |    24 |       ||    38
   Cast: Swiftness         |       |       |       |       |     1 |       |       ||     1
 Invoke: Line Pass         |       |       |       |     5 |    12 |     6 |     6 ||    29
         Grand Finale      |       |       |       |     1 |       |       |       ||     1
         Stomp             |       |       |       |       |       |       |     1 ||     1
Ability: Begin Untransform |       |       |       |       |     1 |     1 |       ||     2
  Evoke: Lightning rod     |       |       |       |    19 |    87 |     2 |    16 ||   124
         Wand              |       |       |       |     1 |     7 |       |     1 ||     9
         Horn of Geryon    |       |       |       |       |       |       |     3 ||     3
    Use: Potion            |     1 |     3 |       |     8 |     8 |     8 |     9 ||    37
         Scroll            |       |       |       |     2 |     2 |       |     7 ||    11
   Stab: Sleeping          |     1 |       |     1 |    13 |    11 |     7 |     8 ||    41
         Invisible         |       |     2 |     8 |       |       |       |       ||    10
         Paralysed         |       |       |     1 |    12 |    26 |    50 |    36 ||   125
         Confused          |       |       |       |       |     9 |     9 |    12 ||    30
         Distracted        |       |       |       |       |     4 |     1 |     3 ||     8
 Armour: Skin              |     6 |     1 |     3 |    32 |    87 |   116 |    87 ||   332
  Dodge: Dodged            |    18 |     3 |    21 |    81 |   222 |   555 |   392 ||  1292
   Form: Serpent           |       |       |       |       |     1 |       |     1 ||     2
         Flux              |       |       |       |       |       |     1 |     1 ||     2
